 Dungeon Crawl Stone Soup version 0.28.0 (webtiles) character file.

Game seed: 17437789676647231992

11 Prodoman the Magician (level 2, 0/19 HPs)
             Began as a Demonspawn Hedge Wizard on Feb 5, 2022.
             Slain by a kobold (3 damage)
             ... on level 1 of the Dungeon.
             The game lasted 00:01:21 (590 turns).

Prodoman the Magician (Demonspawn Hedge Wizard)      Turns: 590, Time: 00:01:21

Health: 0/19       AC:  2    Str: 10    XL:     2   Next: 13%
Magic:  2/6        EV: 12    Int: 15    God:
Gold:   0          SH:  0    Dex: 12    Spells: 6/7 levels left

rFire   . . .      SeeInvis .   a - +0 dagger
rCold   . . .      Faith    .   (no shield)
rNeg    . . .      Spirit   .   b - +0 robe
rPois   .          Reflect  .   c - +0 hat
rElec   .          Harm     .   (no cloak)
rCorr   .          Rampage  .   (no gloves)
Will    .....                   (no boots)
Stlth   ++........              (no amulet)
HPRegen 0.06/turn               (no ring)
MPRegen 0.10/turn               (no ring)

@: no status effects
A: weakness stinger 1
a: no special abilities


You were on level 1 of the Dungeon.
You visited 1 branch of the dungeon, and saw 1 of its levels.

Inventory:

Hand Weapons
 a - a +0 dagger (weapon)
Armour
 b - a +0 robe (worn)
 c - a +0 hat (worn)
Potions
 d - a potion of attraction {unknown}


   Skills:
 + Level 0.1 Fighting
 + Level 0.2 Armour
 + Level 2.0 Dodging
 - Level 1.9 Stealth
 + Level 3.0 Spellcasting
 + Level 1.3 Conjurations
 - Level 1.1 Summonings
 - Level 1.0 Translocations


You had 6 spell levels left.
You knew the following spells:

 Your Spells              Type           Power      Damage    Failure   Level
a - Magic Dart            Conj           24%        1d4       12%         1

Your spell library contained the following spells:

 Spells                   Type           Power      Damage    Failure   Level
 Call Imp                 Summ           5%         N/A       19%         2
 Slow                     Hex            8%         N/A       21%         1
 Blink                    Tloc           10%        N/A       21%         2
 Conjure Flame            Conj/Fire      4%         6-21      41%         3
 Mephitic Cloud           Conj/Pois/Air  3%         N/A       45%         3


Dungeon Overview and Level Annotations

Branches:
Dungeon (1/15)

Altars:


Innate Abilities, Weirdness & Mutations

You have a small tail.


Message History

You closely miss the kobold. The kobold hits you with a +0 whip.
The endoplasm hits the bush but does no damage.
You closely miss the kobold. The kobold hits you with a +0 whip.
The endoplasm hits the bush but does no damage.
You miss the kobold.
Your tail-slap misses the kobold.
The kobold closely misses you.
The endoplasm hits the bush but does no damage.
You barely miss the kobold. The kobold misses you.
The endoplasm hits the bush.
You hit the kobold but do no damage. The kobold hits you but does no damage.
The endoplasm hits the bush but does no damage.
You barely miss the kobold. The kobold hits you with a +0 whip.
The endoplasm hits the bush but does no damage.
You hit the kobold.
Your tail-slap misses the kobold.
The kobold is heavily wounded.
The kobold closely misses you.
The endoplasm hits the bush.
You hit the kobold but do no damage.
The kobold is heavily wounded.
The kobold closely misses you.
The endoplasm hits the bush but does no damage.
You barely miss the kobold.
The kobold is heavily wounded.
The kobold barely misses you.
The endoplasm hits the bush but does no damage.
You closely miss the kobold.
The kobold is heavily wounded.
The kobold hits you with a +0 whip.
The endoplasm hits the bush but does no damage.
You closely miss the kobold.
The kobold is heavily wounded.
The kobold closely misses you.
The endoplasm hits the bush but does no damage.
You miss the kobold.
Your tail-slap misses the kobold.
The kobold is moderately wounded.
The kobold hits you with a +0 whip.
* * * LOW HITPOINT WARNING * * *
The endoplasm hits the bush but does no damage.
You barely miss the kobold.
The kobold is moderately wounded.
The kobold hits you with a +0 whip.
You die... ...############ P.PPPPPPPPPPP# P.....P.....P# P.PPP.P.P.PPP#

P...P...P...P####
#.PPPPP.PPP.P.P...##
###.P.....P..†P.P....#
....PPPPP.PPPPP.P...)#
.....JK@......P.....>#
###.PPP.P.PPP.P.P#...#
... P...P.P...P.P#..##
##


.PPP.PPPPPPPPP#..# ...###.#...........# .# #...###..####.### ###.# ##.# #....#
#...# #.# #....# #.### #.###....# You could see an endoplasm and a kobold.

Vanquished Creatures
  4 bats (D:1)
  An endoplasm (D:1)
  3 hobgoblins (D:1)
  A ball python (D:1)
  A rat (D:1)
10 creatures vanquished.

Notes
Turn   | Place    | Note
-------+----------+-------------------------------------------
     0 | D:1      | Prodoman the Demonspawn Hedge Wizard began the quest for
                  | the Orb.
     0 | D:1      | Reached XP level 1. HP: 13/13 MP: 4/4
    74 | D:1      | Reached skill level 1 in Translocations
   513 | D:1      | Gained mutation: You have a small tail. [demonic ancestry]
   513 | D:1      | Reached XP level 2. HP: 19/19 MP: 1/6
   590 | D:1      | Slain by a kobold

Illustrated notes

Levels and vault maps discovered:
D:1:      dpeg_arrival_ratfight, layout_basic, minmay_hedge_maze,
          dk_noncrumbling_4

Skill      XL: |  1  2 |
---------------+-------+-----
Translocations | 1 |  1.0
Dodging        | 2 |  2.0
Fighting       | |  0.1
Armour         | |  0.2
Stealth        | |  1.9
Spellcasting   | |  3.0
Conjurations   | |  1.3
Summonings     | |  1.1

Action                   || total
-------------------------++-------
Melee: Dagger            ||    31
       Punch             ||     2
 Cast: Magic Dart        ||    18
Armor: Robe              ||     8
Dodge: Dodged            ||    13
